 Dungeon Crawl Stone Soup version 0.30.1-4-g462c640d31 (webtiles) character file.

Game seed: 6191783449544168238

997 LynnLen the Sneak (level 7, 0/35 HPs)
             Began as a Spriggan Enchanter on Sept 2, 2023.
             Slain by a white imp (5 damage)
             ... summoned by Eustachio
             ... on level 4 of the Dungeon.
             The game lasted 00:12:27 (4046 turns).

LynnLen the Sneak (Spriggan Enchanter)              Turns: 4046, Time: 00:12:28

Health: 0/35       AC:  4    Str:  4    XL:     7   Next: 99%
Magic:  14/14      EV: 19    Int: 19    God:
Gold:   132        SH:  0    Dex: 15    Spells: 7/15 levels left

rFire   . . .        a - +2 dagger
rCold   . . .        (no shield)
rNeg    . . .        n - +2 robe {Will+}
rPois   .            (helmet restricted)
rElec   .            (no cloak)
rCorr   .            (gloves unavailable)
SInv    +            (boots unavailable)
Will    ++...        l - amulet of magic regeneration
Stlth   +++          (no ring)
HPRegen 0.25/turn    (no ring)
MPRegen 0.54/turn

%: no passive effects
@: very quick
A: very small, no large weapons, unfitting armour, see invisible, speed 3
a: no special abilities


You were on level 4 of the Dungeon.
You visited 1 branch of the dungeon, and saw 4 of its levels.

You collected 132 gold pieces.

Inventory:

Hand Weapons
 a - a +2 dagger (weapon)
Armour
 b - a +0 robe
 f - the scarf of the Pit {+Inv, rPois Str+2 Int-4}
   (You found it on level 2 of the Dungeon)

   Str:       It affects your strength (+2).
   Int:       It affects your intelligence (-4).
   rPois:     It protects you from poison.
 n - a +2 robe of willpower (worn)
Jewellery
 l - an amulet of magic regeneration (around neck)
Wands
 k - a wand of flame (2)
Scrolls
 g - 2 scrolls of enchant armour {unknown}
 i - a scroll of immolation {unknown}
 j - a scroll of amnesia
Potions
 c - a potion of invisibility
 e - 2 potions of curing
 h - a potion of magic
 m - a potion of heal wounds
 o - a potion of lignification
 p - a potion of attraction
 q - a potion of flight


   Skills:
 + Level 2.2 Fighting
 + Level 3.3 Short Blades
 + Level 4.7 Dodging
 + Level 6.3 Stealth
 + Level 4.5 Spellcasting
 * Level 6.3 Hexes
 * Level 3.4 Ice Magic


You had 7 spell levels left.
You knew the following spells:

 Your Spells              Type           Power      Damage    Failure   Level
a - Ensorcelled Hibernat  Hex/Ice        44%        N/A       2%          2
b - Confusing Touch       Hex            28%        N/A       3%          3
c - Tukima's Dance        Hex            28%        N/A       3%          3

Your spell library contained the following spells:

 Spells                   Type           Power      Damage    Failure   Level
 Dazzling Flash           Conj/Hex       32%        N/A       11%         3
 Magic Dart               Conj           16%        1d3       13%         1
 Searing Ray              Conj           8%         2d4       21%         2
 Fulminant Prism          Conj/Hex       8%         3d7       34%         4
 Yara's Violent Unravell  Hex/Tmut       8%         3d5       69%         5
 Passage of Golubria      Tloc           4%         N/A       78%         4


Dungeon Overview and Level Annotations

Branches:
Dungeon (4/15)
 Temple: D:4-7

Altars:

Annotations:
D:4 Eustachio


Innate Abilities, Weirdness & Mutations

You are very small and have problems with some larger weapons.
You are too small for most types of armour.
You have supernaturally acute eyesight. (SInv)
You cover ground extremely quickly. (Speed+++)


Message History

Eustachio hits you with a +0 rapier! The quokka barely misses you.
You barely miss Eustachio.
Eustachio is almost dead.
The bat misses you. The river rat completely misses you.
The quokka closely misses you.
Eustachio casts a spell.
Eustachio blinks!
The bat attacks as you move away! The bat hits you. The bat closely misses you.
The bat attacks as you move away! The bat hits you but does no damage. x2
The bat completely misses you. The bat attacks as you move away!
The bat completely misses you.
A jackal comes into view.
The bat attacks as you move away! The bat barely misses you.
An orc comes into view. It is wielding a +0 dagger.
The bat hits you but does no damage.
The jackal barks!
A quokka comes into view.
The bat barely misses you. The bat attacks as you move away!
The bat closely misses you. The bat completely misses you.
The jackal misses you.
Eustachio casts a spell.
Eustachio zaps a wand.
The puff of flame hits you.
The orc shouts!
You hit Eustachio.
Eustachio is almost dead.
The bat misses you. x2
You hit Eustachio but do no damage.
Eustachio is almost dead.
The bat misses you.
Eustachio mumbles some strange words.
The white imp gestures at you. The puff of frost hits you!
The jackal misses you.
You barely miss Eustachio.
Eustachio is almost dead.
The bat hits you but does no damage. x2; Eustachio hits you with a +0 rapier.
* * * LOW HITPOINT WARNING * * *
The jackal barely misses you. The bat closely misses you.
The white imp hits you.
* * * LOW HITPOINT WARNING * * *
The white imp freezes you.
You die...

# ##.>))...).........
#.##....##.###........
..#.#.#...##.# ####...#
...........#.###......#
.#.#.#.#.##.##.......##
#.##)...##.##.........
#..........##.o...#
#####........#bhb##.##
#...####.#@5r.....
##..# #.#@5##...# #..#
#r#..# #.. #..# #.#..#
. #..# ##r#..# #..#
#.....# #.†# #..#>##
#..###..#.)......
#.......#####....


You could see Eustachio, a white imp (summoned), a shadow imp (summoned), an
orc, a quokka, a jackal and 2 bats.

Vanquished Creatures
  Pikel (D:4)
  Grinder (D:3)
  A scorpion (D:4)
  An orc priest (D:3)
  Ijyb (D:3)
  Jessica (D:3)
  An iguana (D:4)
  Robin (D:3)
  4 gnolls
  5 adders
  3 worms
  3 dart slugs
  7 orcs
  11 bats
  6 endoplasms
  2 giant cockroaches (D:3)
  16 goblins
  11 hobgoblins
  4 kobolds
  3 quokkas (D:2)
  9 ball pythons
  6 frilled lizards
  4 rats
102 creatures vanquished.

Vanquished Creatures (others)
  2 dancing weapons (D:2)
2 creatures vanquished.

Grand Total: 104 creatures vanquished

Notes
Turn   | Place    | Note
-------+----------+-------------------------------------------
     0 | D:1      | LynnLen the Spriggan Enchanter began the quest for the Orb.
     0 | D:1      | Reached XP level 1. HP: 9/9 MP: 5/5
   360 | D:1      | Reached XP level 2. HP: 8/13 MP: 6/6
   384 | D:1      | Learned a level 2 spell: Ensorcelled Hibernation
   952 | D:2      | Found a faded altar of an unknown god.
  1047 | D:2      | Reached XP level 3. HP: 17/17 MP: 6/8
  1055 | D:2      | Reached skill level 1 in Ice Magic
  1577 | D:1      | Learned a level 3 spell: Confusing Touch
  1581 | D:1      | Learned a level 3 spell: Tukima's Dance
  1771 | D:1      | Reached XP level 4. HP: 18/21 MP: 4/9
  2024 | D:2      | Reached skill level 1 in Fighting
  2041 | D:2      | Identified the scarf of the Pit {+Inv, rPois Str+2 Int-4}
  2530 | D:3      | Noticed Ijyb
  2584 | D:3      | Killed Ijyb
  2585 | D:3      | Reached skill level 5 in Stealth
  2585 | D:3      | Reached XP level 5. HP: 17/25 MP: 2/11
  2777 | D:3      | Noticed Robin
  2903 | D:3      | Killed Robin
  2956 | D:3      | Noticed Grinder
  3157 | D:3      | Killed Grinder
  3158 | D:3      | Reached skill level 5 in Hexes
  3158 | D:3      | Reached XP level 6. HP: 13/30 MP: 12/12
  3776 | D:3      | Noticed Jessica
  3790 | D:3      | Killed Jessica
  3842 | D:4      | Noticed Pikel
  3861 | D:4      | Killed Pikel
  3862 | D:4      | Reached XP level 7. HP: 28/35 MP: 11/14
  4015 | D:4      | Noticed Eustachio
  4046 | D:4      | Slain by a white imp

Illustrated notes

Levels and vault maps discovered:
D:1:      ncdulo_watergridlock, layout_basic, serial_rivers,
          chequers_serial_rivers_small_3, chequers_serial_rivers_micro_d,
          chequers_serial_rivers_small_b, chequers_serial_rivers_room_b,
          chequers_serial_rivers_marsh, minivault_24
D:2:      layout_basic, ebering_ecumenical_altar_mist,
          ebering_dispersal_statue_hall
D:3:      layout_loops_ring, uniq_ijyb, uniq_grinder, uniq_jessica, uniq_robin
D:4:      layout_loops_ring, minmay_temple_entry_mist, uniq_eustachio,
          uniq_pikel

Skill      XL: |  1  2  3  4  5  6 |
---------------+-------------------+-----
Hexes          | 4 5 6 |  6.3
Spellcasting   | 3 4 |  4.5
Ice Magic      | 1 2 3 |  3.4
Dodging        | 3 4 |  4.7
Fighting       | 1 2 |  2.2
Short Blades   | 2 3 |  3.3
Stealth        | 5 6 |  6.3

Action                     |  1- 3 |  4- 6 |  7- 9 || total
---------------------------+-------+-------+-------++-------
  Melee: Dagger            |   100 |   178 |    35 ||   313
         Punch             |       |     2 |       ||     2
   Cast: Ensorcelled Hiber |    19 |    32 |    10 ||    61
         Tukima's Dance    |     1 |     1 |       ||     2
         Confusing Touch   |       |     1 |       ||     1
    Use: Scroll            |     3 |     3 |     3 ||     9
         Potion            |       |     4 |       ||     4
   Stab: Sleeping          |    20 |    21 |     7 ||    48
         Distracted        |     1 |     1 |       ||     2
         Invisible         |       |     4 |       ||     4
         Confused          |       |     3 |       ||     3
 Armour: Robe              |     6 |    16 |     8 ||    30
  Dodge: Dodged            |    66 |   145 |    49 ||   260
